Map: Одиссея РВ

Players

ИИ 1 (ученик) - Winner!

  • Race: Terran Terran
  • Spawn Location: 5:00

Doll

  • Race: Zerg Zerg
  • Spawn Location: 11:00

VOD

Have the link to the VOD?

Description

Time

  • Played on: Oct. 2, 2022, 2:02 p.m.
  • Length: 5:43
Show
View Real Time Build Order
Export as new Build Order

ИИ 1 (ученик) Terran - Winner!

Build Orders: Cyclone Opening 

Get SALT Encoding   

  12  0:00  SCV  
  13  0:13  SCV  
  14  0:19  Supply Depot  
  14  0:25  SCV  
  15  0:40  SCV  
  16  0:44  Barracks  
  16  0:46  Refinery  
  16  0:53  SCV  
  16  0:55  Refinery  
  17  1:05  SCV  
  18  1:17  SCV  
  19  1:31  Marine  
  20  1:33  Supply Depot, Orbital Command  
  20  1:47  Factory  
  20  1:49  Reaper  
  21  1:59  SCV  
  22  2:11  SCV  
  23  2:21  Marine  
  24  2:23  SCV  
  25  2:31  Command Center  
  25  2:35  SCV  
  26  2:39  Factory Tech Lab  
  26  2:43  Barracks Reactor  
  26  2:47  SCV  
  27  2:56  Supply Depot  
  27  2:59  Cyclone, SCV  
  31  3:11  SCV  
  31  3:16  Starport  
  31  3:23  SCV  
  32  3:33  Factory  
  32  3:35  SCV  
  32  3:40  Siege Tank  
  36  3:47  SCV  
  37  3:49  SCV  
  37  3:52  Bunker  
  37  3:53  Medivac  
  40  3:59  Refinery  
  40  4:00  SCV  
  40  4:01  SCV  
  42  4:12  SCV  
  42  4:14  SCV  
  44  4:20  Supply Depot  
  44  4:21  Marine  
  44  4:22  Marine  
  44  4:24  SCV  
  47  4:26  SCV  
  48  4:33  Siege Tank  
  48  4:34  Factory Tech Lab  
  48  4:36  SCV, Starport Tech Lab  
  48  4:38  SCV  
  53  4:47  Marine  
  53  4:48  Barracks, SCV  
  53  4:49  Marine  
  53  4:50  Orbital Command  
  56  4:55  Supply Depot  
  56  5:00  Viking, SCV  
  56  5:05  Marine  
  56  5:06  Marine  
  60  5:10  Supply Depot  
  60  5:12  SCV  
  62  5:17  SCV  
  60  5:23  Marine  
  60  5:24  SCV, Marine  
  64  5:29  SCV  
  64  5:34  Barracks Tech Lab  
Show
View Real Time Build Order
Export as new Build Order

Doll Zerg 

Build Orders: Hatch First 

Get SALT Encoding   

  12  0:00  Drone  
  13  0:13  Overlord  
  13  0:18  Drone  
  14  0:32  Drone x2  
  17  0:35  Drone  
  17  0:54  Hatchery  
  17  0:56  Drone  
  17  1:00  Extractor  
  17  1:01  Drone  
  17  1:19  Drone  
  17  1:20  Spawning Pool  
  17  1:23  Drone  
  18  1:29  Drone  
  19  1:50  Overlord  
  19  2:09  Drone  
  19  2:10  Queen x2  
  19  2:12  Zergling x2  
  25  2:17  Zergling x2  
  26  2:23  Drone  
  26  2:24  Metabolic Boost  
  26  2:28  Drone  
  28  2:34  Drone  
  29  2:38  Drone  
  29  2:43  Spine Crawler  
  29  2:49  Drone x2  
  31  2:54  Drone  
  31  2:58  Queen  
  32  3:01  Overlord  
  34  3:24  Roach Warren  
  34  3:25  Overlord  
  33  3:27  Queen  
  33  3:32  Drone x2  
  33  3:33  Extractor, Drone x3  
  39  3:38  Drone  
  39  3:39  Drone x2  
  42  3:42  Drone  
  43  3:49  Overlord  
  43  3:54  Queen  
  45  4:05  Roach x3  
  45  4:09  Roach  
  53  4:10  Roach  
  53  4:12  Roach  
  53  4:15  Roach  
  59  4:21  Lair  
  59  4:27  Overlord  
  59  4:29  Overlord  
  59  4:37  Spine Crawler  
Tags
 
Add a new tag
Caveats
  • Supply blocks, unpowered buildings, or Contaminate may cause inaccurate times.
  • Supply counts are checked every 10 seconds.